Map: Cyber Forest LE

Players

TiPtOP - Winner!

  • Race: Terran Terran
  • League: Silver
  • Spawn Location: 11:00

Wronin

  • Race: Terran Terran
  • League: Silver
  • Spawn Location: 5:00

VOD

Have the link to the VOD?

Description

Time

  • Played on: Aug. 20, 2019, 7:56 a.m.
  • Length: 22:56
Show
View Real Time Build Order
Export as new Build Order

TiPtOP Terran - Winner!

Build Orders: Mech 

Get SALT Encoding   

  12  0:01  SCV  
  13  0:13  SCV  
  14  0:18  Supply Depot  
  14  0:25  SCV  
  15  0:39  SCV  
  15  0:41  Barracks  
  16  0:45  Refinery  
  16  0:51  SCV  
  17  1:05  SCV  
  19  1:29  Marine, Orbital Command  
  19  1:41  Supply Depot  
  19  1:53  Factory  
  19  2:06  Bunker  
  19  2:09  Marine  
  19  2:20  SCV  
  20  2:27  Marine  
  20  2:28  Command Center  
  21  2:32  SCV  
  21  2:33  Refinery  
  22  2:52  Marine  
  22  2:54  Factory Tech Lab  
  22  2:57  Supply Depot  
  23  3:14  Siege Tank  
  23  3:17  SCV  
  27  3:29  SCV  
  28  3:38  Engineering Bay  
  28  3:45  Orbital Command  
  28  3:53  Supply Depot  
  28  4:15  Siege Tank  
  31  4:26  SCV  
  32  4:44  Missile Turret  
  32  4:54  Siege Tank  
  32  4:58  Missile Turret  
  35  5:10  Orbital Command  
  34  5:29  Bunker  
  34  5:40  SCV  
  35  5:46  SCV  
  35  5:52  SCV  
  35  5:57  Siege Tank  
  39  5:58  SCV  
  39  6:04  SCV  
  41  6:08  Factory  
  41  6:10  SCV, Factory  
  42  6:22  SCV  
  43  6:35  Bunker  
  43  6:40  Refinery  
  43  6:42  Refinery  
  43  6:47  Missile Turret  
  43  6:49  SCV x2  
  45  6:57  Factory Reactor  
  45  6:58  Factory Tech Lab  
  45  7:01  SCV  
  46  7:02  Hellion  
  48  7:10  Armory  
  48  7:12  Armory  
  48  7:23  Hellion  
  50  7:38  Command Center  
  50  7:50  Missile Turret  
  50  7:51  Missile Turret x2  
  50  7:55  SCV x2  
  52  8:00  Missile Turret  
  52  8:03  Supply Depot  
  52  8:05  Missile Turret  
  52  8:06  Thor  
  52  8:07  SCV x2  
  52  8:08  Hellion  
  62  8:22  Missile Turret  
  62  8:25  Supply Depot, Thor, Hellbat  
  69  8:34  Hellbat  
  69  8:47  Hellbat  
  69  8:49  Thor  
  75  8:56  Hellbat  
  71  9:07  Thor  
  71  9:09  Hellion  
  67  9:19  SCV  
  68  9:31  SCV  
  68  9:32  Thor  
  75  9:43  SCV  
  73  10:15  SCV  
  73  10:16  SCV  
  75  10:25  Siege Tank x2  
  75  10:27  SCV, Hellion, Hellbat  
  75  10:28  SCV  
  87  10:39  SCV  
  87  10:40  SCV  
  87  10:41  Orbital Command  
  89  10:49  Hellion x2, Refinery  
  93  10:51  Refinery  
  93  10:53  Missile Turret x2  
  93  10:54  Sensor Tower  
  93  11:04  Command Center  
  93  11:34  Supply Depot  
  93  11:37  Supply Depot  
  93  11:38  Supply Depot x2  
  93  11:55  Siege Tank, SCV x3  
  93  11:56  Hellion  
  93  11:59  Siege Tank  
  105  12:08  SCV  
  105  12:11  SCV x2  
  107  12:20  SCV, Hellion x8  
  108  12:23  SCV x2  
  110  12:31  Thor  
  110  12:32  SCV  
  110  12:35  SCV  
  118  12:47  Factory  
  118  12:57  Factory  
  118  13:01  Factory  
  118  13:14  Planetary Fortress  
  118  13:49  Command Center  
  96  14:23  SCV  
  97  14:28  SCV  
  97  14:29  SCV x2  
  100  14:35  SCV  
  100  14:37  Missile Turret  
  101  14:41  SCV, Missile Turret  
  102  14:47  Refinery x2, SCV, Hellion x2, Thor, Hellbat  
  115  14:59  SCV  
  116  15:03  Missile Turret  
  116  15:06  Factory Tech Lab x2, Factory Reactor  
  116  15:08  Thor  
  116  15:11  Missile Turret  
  122  15:15  Hellion  
  122  15:16  Factory  
  122  15:18  Infernal Pre-Igniter  
  122  15:22  Smart Servos  
  122  15:30  Thor  
  122  15:32  SCV  
  129  15:44  SCV  
  129  15:48  SCV x3, Refinery  
  133  15:51  Refinery  
  133  15:56  SCV  
  134  15:58  Supply Depot, Thor x3  
  134  16:00  Supply Depot  
  134  16:01  Supply Depot  
  134  16:02  Supply Depot  
  152  16:07  Planetary Fortress  
  152  16:08  SCV  
  152  16:09  Hellion x7  
  153  16:16  Hellion x2  
  153  16:17  Hellion  
  153  16:20  SCV  
  155  16:54  SCV  
  155  17:06  SCV  
  156  17:11  Missile Turret  
  156  17:18  SCV  
  157  17:26  Hellion x8  
  157  17:30  SCV  
  157  17:31  Thor x3, Hellbat x3  
  180  17:42  SCV  
  161  18:27  Sensor Tower  
  161  18:28  SCV  
  162  18:40  SCV  
  163  18:53  Terran Vehicle And Ship Armor Level 1, Terran Vehicle Weapons Level 1  
  163  19:05  Starport  
  163  19:07  Hellion x3, Starport  
  163  19:08  Starport  
  163  19:13  Starport  
  163  19:16  Starport  
  163  19:45  Starport  
  163  19:47  Starport  
  163  19:53  Starport Tech Lab  
  163  19:56  Fusion Core  
  157  20:39  Starport Tech Lab x2  
  157  20:40  Starport Tech Lab x2  
  157  20:41  Starport Tech Lab  
  157  20:42  Starport Tech Lab  
  157  20:46  Battlecruiser  
  163  20:54  Terran Ship Weapons Level 1  
  163  20:59  Battlecruiser  
  163  21:00  Battlecruiser x2  
  163  21:01  Battlecruiser  
  187  21:07  Battlecruiser  
  187  21:08  Battlecruiser  
  193  21:47  Command Center, Refinery  
  193  21:53  Refinery  
  169  21:58  Missile Turret  
  169  21:59  Missile Turret  
  157  22:01  Missile Turret  
  157  22:07  Command Center  
  157  22:14  Refinery  
  157  22:15  Refinery  
  157  22:16  Missile Turret  
  157  22:17  Missile Turret  
  157  22:21  Missile Turret  
Show
View Real Time Build Order
Export as new Build Order

Wronin Terran 

Build Orders:  

Get SALT Encoding   

  12  0:03  SCV  
  13  0:15  SCV  
  13  0:20  Supply Depot  
  14  0:27  SCV  
  15  0:41  SCV  
  16  0:50  Barracks  
  16  0:55  Barracks  
  16  0:57  SCV  
  17  1:10  SCV  
  18  1:20  Supply Depot  
  18  1:22  SCV  
  19  1:25  Barracks  
  19  1:38  Marine  
  20  1:53  Marine  
  21  1:56  Marine  
  21  1:59  SCV, Refinery  
  23  2:04  Supply Depot  
  23  2:11  Marine  
  24  2:21  Marine  
  25  2:26  Marine  
  25  2:28  Marine  
  27  2:38  Marine  
  28  2:44  Marine  
  28  2:46  Marine, Barracks  
  28  2:48  Refinery  
  28  2:51  Engineering Bay  
  30  2:58  Supply Depot  
  30  3:02  Marine  
  30  3:05  Barracks Tech Lab  
  31  3:10  Marine  
  31  3:20  Supply Depot  
  30  3:27  Marine  
  30  3:42  Marine x2  
  30  3:45  Marine  
  30  3:47  Marine  
  34  3:59  Marine  
  34  4:00  Marine, Factory  
  36  4:03  Marine  
  37  4:17  Marine  
  37  4:18  Marine  
  37  4:21  Marine  
  37  4:22  Orbital Command  
  40  4:24  Marine  
  40  4:27  Terran Infantry Weapons Level 1  
  41  4:39  Marine  
  41  4:43  Combat Shield  
  41  4:44  Marine  
  41  4:45  Marine x2  
  45  5:01  Missile Turret  
  39  5:23  Factory Tech Lab  
  39  5:28  Starport  
  31  5:56  Siege Tank  
  32  6:25  Marine x2  
  33  6:26  Marine  
  33  6:28  Siege Tank  
  38  6:43  Marine x3  
  41  6:56  Viking  
  41  7:00  Siege Tank  
  41  7:01  Marine x3  
  49  7:18  Marine  
  49  7:19  Marine x2, Terran Infantry Armor Level 1, Missile Turret  
  52  7:36  Marine  
  53  7:37  Marine  
  53  7:44  Stimpack  
  54  7:49  Command Center, Supply Depot  
  54  7:50  Supply Depot  
  55  8:04  Marine  
  28  9:59  Marine  
  19  10:00  Marine x2  
  22  10:16  Armory  
  22  10:17  Marine  
  22  10:18  Marine x2  
  22  10:20  Starport Tech Lab  
  25  10:22  Siege Tank  
  28  10:32  Concussive Shells  
  28  10:35  Marine x2  
  28  10:36  Marine  
  28  10:37  Planetary Fortress  
  31  10:44  Banshee  
  31  10:47  Cloaking Field  
  34  10:53  Marine x2  
  34  10:54  Siege Tank  
  39  11:01  SCV  
  40  11:09  Missile Turret  
  40  11:11  Marine x2  
  40  11:13  SCV  
  43  11:26  Siege Tank, SCV  
  43  11:27  Terran Infantry Weapons Level 2  
  43  11:29  Marine x2  
  49  11:38  SCV  
  50  11:44  SCV  
  51  11:50  SCV  
  51  11:54  Supply Depot  
  52  11:57  SCV, Supply Depot  
  52  12:01  Banshee, Supply Depot  
  53  12:02  SCV  
  57  12:09  SCV  
  58  12:21  SCV  
  59  12:24  Refinery  
  59  12:26  Refinery  
  59  12:27  Thor  
  65  12:30  Marine x3  
  65  12:33  SCV  
  69  12:45  SCV  
  69  12:48  Marine x3  
  73  12:57  SCV x2  
  75  13:04  Medivac  
  77  13:05  Marine  
  77  13:06  Marine x2  
  77  13:09  SCV x2  
  82  13:17  Barracks  
  82  13:19  Barracks  
  82  13:21  SCV  
  82  13:23  Marine  
  82  13:24  Marine x2  
  83  13:41  Marine  
  83  13:42  Marine x2  
  83  13:43  Terran Infantry Armor Level 2  
  48  14:18  Marine  
  48  14:19  Marine x2  
  48  14:36  Marine  
  48  14:37  Marine x2, Terran Vehicle Weapons Level 1  
  51  14:39  Barracks Reactor  
  51  14:42  Medivac  
  53  14:46  Siege Tank  
  53  14:49  Command Center  
  53  14:50  Barracks Reactor  
  56  14:54  Marine x3  
  59  15:11  Engineering Bay  
  59  15:12  Marine x3, Medivac  
  64  15:24  Marine x2  
  66  15:29  Marine x3  
  66  15:30  Marine x2  
  71  15:42  Marine x2, Medivac  
  75  15:47  Marine x3  
  75  15:48  Marine x2  
  80  16:05  Marine, Fusion Core  
  80  16:06  Marine  
  80  16:07  Starport  
  80  16:10  Thor  
  88  16:12  Medivac  
  90  16:21  Marine  
  90  16:23  Marine  
  90  16:25  Marine  
  93  16:26  Marine x4  
  93  16:31  Terran Vehicle And Ship Armor Level 1  
  97  16:40  Planetary Fortress  
  97  16:43  Missile Turret  
  97  16:59  Thor  
  103  17:03  Viking  
  105  17:20  SCV  
  106  17:27  Refinery  
  105  17:32  SCV  
  99  17:44  SCV  
  89  17:56  SCV  
  64  18:19  Marine x4  
  66  18:25  Terran Vehicle Weapons Level 2  
  68  18:33  Battlecruiser  
  74  18:36  Starport Tech Lab  
  74  18:44  Thor  
  80  18:52  Command Center  
  80  19:11  Marine  
  81  19:27  Thor  
  87  19:33  Battlecruiser  
  87  19:37  Battlecruiser  
  93  20:37  Marine  
  93  20:38  Marine x5  
  93  20:42  Battlecruiser  
  105  21:00  Sensor Tower  
  26  22:16  Supply Depot x2  
Tags
 
Composition
Mech
Matchup
TvT
Race
Terran
Spawn Locations
Cross Positions
Add a new tag
Caveats
  • Supply blocks, unpowered buildings, or Contaminate may cause inaccurate times.
  • Supply counts are checked every 10 seconds.